 Dungeon Crawl Stone Soup version 0.26-a0-639-g72c4674329 (webtiles) character file.

Game seed: 16556760306972884258

70275 Flugslaktarn the Warrior (level 15, -29/130 HPs)
             Began as a Formicid Fighter on Sept 21, 2020.
             Was the Champion of Okawaru.
             Blown up by an orb spider (54 damage)
             ... with an orb of destruction
             ... on level 2 of the Spider Nest.
             The game lasted 00:12:35 (22155 turns).

Flugslaktarn the Warrior (Formicid Fighter)        Turns: 22155, Time: 00:12:35

Health: -29/130    AC: 32    Str: 26    XL:     15   Next: 77%
Magic:  16/21      EV: 14    Int:  6    God:    Okawaru [******]
Gold:   1244       SH: 22    Dex: 10    Spells: 14/14 levels left

rFire    . . .     SeeInvis +   f - +2 executioner's axe (distort)
rCold    . . .     Faith    .   A - +0 tower shield {AC+3}
rNeg     . . .     Spirit   .   o - +0 plate armour
rPois    +         Reflect  .   (helmet unavailable)
rElec    .         Harm     .   E - +2 cloak {rPois}
rCorr    .         Rampage  .   G - +2 pair of gloves
MR       +++..                  (no boots)
Stlth    ..........             B - necklace of Bloodlust {*Rage +Rage MR++ Int-3 Slay+6 *Curse} (curse)
HPRegen  0.31/turn              v - +4 ring of evasion
MPRegen  0.17/turn              p - +4 ring of protection

@: mighty, lethally poisoned (-29 -> -31), heroism, finesse
A: permanent stasis, dig shafts and tunnels, four strong arms, antennae 3
a: Dig, Shaft Self, Heroism, Finesse, Renounce Religion


You were on level 2 of the Spider Nest.
You worshipped Okawaru.
Okawaru was exalted by your worship.
You visited 5 branches of the dungeon, and saw 23 of its levels.
You also visited: Sewer and Gauntlet.

You collected 1930 gold pieces.
You spent 686 gold pieces at shops.

Inventory:

Hand Weapons
 a - a +5 battleaxe of flaming
   (You took it off a minotaur in a Gauntlet)
 b - a +4 vorpal battleaxe
   (Okawaru gifted it to you on level 11 of the Dungeon)
 f - a +2 executioner's axe of distortion (weapon)
   (Okawaru gifted it to you on level 2 of the Swamp)
 L - a +1 vorpal battleaxe
   (Okawaru gifted it to you on level 4 of the Swamp)
Armour
 o - a +0 plate armour (worn)
   (You found it on level 3 of the Dungeon)
 y - a scarf of resistance
   (You found it in a Gauntlet)
 A - a +0 tower shield of protection (worn)
   (Okawaru gifted it to you on level 10 of the Dungeon)
 E - a +2 cloak of poison resistance (worn)
   (You bought it in a shop on level 8 of the Dungeon)
 G - a +2 pair of gloves (worn)
   (You found it on level 8 of the Dungeon)
Jewellery
 k - an uncursed ring of resist corrosion
   (You found it on level 3 of the Dungeon)
 p - a +4 ring of protection (right hand)
   (You found it on level 7 of the Dungeon)
 v - a +4 ring of evasion (left hand)
   (You found it on level 4 of the Dungeon)
 B - the cursed necklace of Bloodlust (around neck) {*Rage +Rage MR++ Int-3 Slay+6 *Curse}
   (You found it on level 11 of the Dungeon)

   [amulet of nothing]

   It affects your intelligence (-3).
   It affects your accuracy and damage with ranged weapons and melee attacks
   (+6).
   It affects your resistance to hostile enchantments.
   It lets you go berserk.
   It may make you go berserk in combat.
   It curses itself when equipped.
   It has a curse placed upon it.
Wands
 m - a wand of iceblast (17)
   (You found it on level 11 of the Dungeon)
 C - a wand of paralysis (17)
   (You found it in a Gauntlet)
 F - a wand of acid (12)
   (You found it on level 8 of the Dungeon)
 H - a wand of enslavement (18)
   (You found it in a Gauntlet)
Scrolls
 j - 2 scrolls of summoning
 l - 2 scrolls of magic mapping
 t - 2 scrolls of fog
 u - a scroll of enchant armour
 x - 7 scrolls of remove curse
 D - 4 scrolls of vulnerability
Potions
 c - 8 potions of ambrosia
 d - a potion of might
 e - 3 potions of mutation
 g - 4 potions of lignification
 h - 2 potions of magic
 n - a potion of resistance
 q - 14 potions of curing
 s - 3 potions of flight
 w - 4 potions of heal wounds


   Skills:
 * Level 15.8(20.8) Fighting
 * Level 14.5(19.5) Axes
 + Level 12.0(17.0) Armour
 + Level 12.9(17.9) Shields
 - Level 9.0 Invocations


You had 14 spell levels left.
You didn't know any spells.
Your spell library was empty.

Dungeon Overview and Level Annotations

Branches:
Dungeon (11/15)            Temple (1/1) D:4            Lair (5/6) D:10
  Swamp (4/4) Lair:4       Spider (2/4) Lair:2        Slime (0/5) Lair:5
  Sewer (visited)         Gauntlet (visited)
    Orc: D:9-12

Altars:
Ashenzari
Cheibriados
Dithmenos
Elyvilon
Fedhas
Gozag
Hepliaklqana
Makhleb
Nemelex Xobeh
Okawaru
Qazlal
Ru
Trog
Uskayaw
Vehumet
Xom
Yredelemnul
Zin
The Shining One

Shops:
D:6 *:(=   D:8 [


Innate Abilities, Weirdness & Mutations

You cannot be hasted, slowed, berserked, paralysed or teleported.
You can dig through walls and to a lower floor.
Your four strong arms can wield two-handed weapons with a shield.
You have a pair of large antennae on your head. (SInv)


Message History

You feel sick.
The orb spider weaves a glowing orb of energy.
An orb of destruction comes into view.
Evoke which item? (* to show all) (? for menu, Esc to quit)
Okay, then.
Evoke which item? (* to show all) (? for menu, Esc to quit)
Aiming: Corrosive Bolt
Press: ? - help, Shift-Dir - straight line, f - orb spider
Aim: an orb spider (heavily wounded)
The bolt of acid hits the orb spider!
The orb spider is splashed with acid.
The acid corrodes the orb spider!
The orb spider is almost dead.
You hear an angry hiss.
Evoke which item? (* to show all) (? for menu, Esc to quit)
Aiming: Corrosive Bolt
Press: ? - help, Shift-Dir - straight line, f/p - orb spider
Aim: an orb spider (almost dead, covered in acid)
The bolt of acid misses the orb spider.
You feel sick. The orb of destruction hits you!!!
You die...

..# .#. ..##
##### . ...##.#.#
.. s).#.<.#..$
..)....^.
###§§.^..#
#@§§†.# # .
#.##○☼†.#.#....
###..##○....^....
#....#^.s#../....
.....##..#...##..
.......††#.?##
^..#.....##..
###...^##.#
#####...#...###


You could see an orb spider (corroded).

Vanquished Creatures
  Jorgrun (Swamp:2)
  Frances (Swamp:2)
  Donald (Swamp:2)
  A minotaur (Gauntlet)
  Erolcha (D:11)
  A ghost crab (Swamp:2)
  7 hydras
  2 shambling mangroves
  3 two-headed ogres
  2 centaur warriors (D:10)
  10 alligators
  A death yak (Lair:4)
  A spriggan (Swamp:1)
  A death drake (Gauntlet)
  A swamp dragon (Swamp:2)
  A spectral wolf spider (Gauntlet)
  A wizard (D:10)
  2 ugly things (D:11)
  An orb spider (Spider:2)
  A salamander (shapeshifter) (D:10)
  2 black mambas
  4 wolf spiders
  2 spectral centaurs (Gauntlet)
  An ice statue (Gauntlet)
  10 cane toads
  3 swamp worm zombies (Swamp:4)
  A rime drake (shapeshifter) (D:10)
  6 komodo dragons
  3 rime drakes
  A freezing wraith (D:10)
  A demonic crawler (Spider:2)
  A queen bee (Lair:1)
  5 tyrant leeches
  6 jumping spiders
  3 hornets
  2 trolls
  15 slime creatures
  4 bog bodies
  2 alligator zombies (Swamp:4)
  18 blink frogs
  Grinder (D:3)
  4 dream sheep
  4 hippogriffs
  A large abomination (Gauntlet)
  2 shadows
  2 wraiths
  3 wyverns
  3 redbacks (Spider:2)
  A tarantella (Spider:2)
  12 yaks
  Grum (D:10)
  A steam dragon (D:10)
  4 basilisks
  3 vampire mosquitoes (Swamp:1)
  17 insubstantial wisps
  6 swamp worms
  4 water moccasins
  9 porcupines
  3 swamp drakes
  8 orc warriors
  3 black bears
  3 sky beasts
  A necrophage (D:11)
  3 ice beasts
  3 phantoms
  5 ogres
  9 wolves
  4 centaurs
  3 big kobolds
  9 crocodiles
  18 bullfrogs
  A wyvern zombie (D:10)
  A scorpion (D:9)
  33 killer bees
  6 wights
  8 howler monkeys
  An electric eel (D:11)
  A crimson imp (D:7)
  2 bullfrog zombies
  2 centaur zombies
  8 hounds
  A quasit (D:5)
  2 jellies
  10 orc priests
  5 centaur skeletons
  7 iguanas
  5 bullfrog skeletons
  7 orc wizards
  3 hell rats (Lair:3)
  8 worker ants
  3 small abominations (Gauntlet)
  A hound skeleton (D:11)
  A mummy (D:7)
  A howler monkey zombie (D:3)
  A worker ant zombie (D:6)
  12 adders
  12 river rats
  3 shadow imps
  A white imp (D:5)
  3 ufetubi
  3 oozes
  3 adder skeletons
  4 dart slugs
  6 leopard geckos
  52 orcs
  6 bats
  3 giant cockroaches
  13 goblins
  10 hobgoblins
  14 jackals
  4 quokkas
  3 ball pythons
  6 frilled lizards
  A goblin skeleton (D:7)
  4 hobgoblin zombies (D:7)
  20 kobolds
  A kobold skeleton (D:7)
  2 leopard gecko skeletons (D:5)
  3 orc zombies (D:7)
  A quokka zombie (D:8)
  27 rats
615 creatures vanquished.

Vanquished Creatures (others)
  A redback (Spider:2)
  7 fungi
  7 plants
15 creatures vanquished.

Grand Total: 630 creatures vanquished

Notes
Turn   | Place    | Note
-------+----------+-------------------------------------------
     0 | D:1      | Flugslaktarn the Formicid Fighter began the quest for the
                  | Orb.
     0 | D:1      | Reached XP level 1. HP: 18/18 MP: 1/1
   101 | D:1      | Reached XP level 2. HP: 19/24 MP: 2/2
   370 | D:1      | Reached XP level 3. HP: 25/30 MP: 3/3
   663 | D:3      | Reached skill level 4 in Fighting
   663 | D:3      | Reached XP level 4. HP: 34/37 MP: 4/4
   665 | D:3      | Found a glowing drain.
   675 | Sewer    | Entered a sewer
   753 | Sewer    | Noticed a big kobold
   770 | Sewer    | Killed a big kobold
   770 | Sewer    | Reached XP level 5. HP: 38/43 MP: 5/5
   906 | Sewer    | Noticed a big kobold
   915 | Sewer    | Killed a big kobold
   915 | Sewer    | Reached XP level 6. HP: 39/50 MP: 6/6
  1115 | Sewer    | Reached skill level 5 in Fighting
  1816 | D:3      | Noticed Grinder
  1831 | D:3      | Killed Grinder
  1831 | D:3      | Reached skill level 5 in Shields
  1831 | D:3      | Reached XP level 7. HP: 27/56 MP: 7/7
  2581 | D:4      | Reached skill level 6 in Fighting
  2763 | D:4      | Reached skill level 5 in Axes
  2904 | D:4      | Reached XP level 8. HP: 43/64 MP: 8/8
  3124 | D:4      | Reached skill level 5 in Armour
  3232 | D:4      | Found a staircase to the Ecumenical Temple.
  3249 | Temple   | Entered the Ecumenical Temple
  3308 | Temple   | Became a worshipper of Warmaster Okawaru
  3649 | D:5      | Entered Level 5 of the Dungeon
  4119 | D:5      | Reached skill level 1 in Invocations
  4701 | D:5      | Reached skill level 7 in Fighting
  4895 | D:6      | Found Xotel's Book Shoppe.
  4910 | D:6      | Found Gaeprug's Jewellery Shop.
  5041 | D:6      | Reached * piety under Okawaru
  5078 | D:6      | Reached XP level 9. HP: 32/72 MP: 8/10
  5311 | D:6      | Found Runn's Weapon Emporium.
  5523 | D:6      | Found Karasapp's General Store.
  5690 | D:6      | Found a bloodstained altar of Trog.
  5909 | D:7      | Identified the +10 hand crossbow of the Viper {penet, +Fly
                  | MR+}
  6308 | D:7      | Reached skill level 8 in Fighting
  6410 | D:7      | Found a glowing golden altar of the Shining One.
  6448 | D:7      | Reached ** piety under Okawaru
  7064 | D:7      | Found a snail-covered altar of Cheibriados.
  7429 | D:8      | Found Puxohev's Antique Armour Boutique.
  7445 | D:8      | Reached XP level 10. HP: 82/82 MP: 13/13
  7466 | D:8      | Reached *** piety under Okawaru
  7469 | D:8      | Bought a runed cloak for 255 gold pieces
  7617 | D:8      | Reached skill level 9 in Fighting
  7982 | D:8      | Found an opulent altar of Gozag.
  8215 | D:9      | Noticed a two-headed ogre
  8236 | D:9      | Killed a two-headed ogre
  8236 | D:9      | Reached skill level 5 in Invocations
  9399 | D:9      | Reached **** piety under Okawaru
  9481 | D:9      | Reached XP level 11. HP: 72/90 MP: 15/15
  9594 | D:9      | Reached skill level 10 in Fighting
  9785 | D:9      | Found a burning altar of Makhleb.
  9854 | D:9      | Found a white marble altar of Elyvilon.
 10067 | D:9      | Identified a scroll of acquirement
 10067 | D:9      | Acquired 680 gold pieces
 10190 | D:6      | Bought a +2 war axe of flaming for 237 gold pieces
 10190 | D:6      | Bought a scroll of enchant armour for 97 gold pieces
 10190 | D:6      | Bought a scroll of enchant armour for 97 gold pieces
 10334 | D:10     | Entered Level 10 of the Dungeon
 10335 | D:10     | Found a staircase to the Lair.
 10529 | D:10     | Received a gift from Okawaru
 11080 | D:10     | Reached ***** piety under Okawaru
 11157 | D:10     | Noticed a two-headed ogre
 11163 | D:10     | Killed a two-headed ogre
 11163 | D:10     | Received a gift from Okawaru
 11295 | D:10     | Reached skill level 11 in Fighting
 11342 | D:10     | Noticed a two-headed ogre
 11350 | D:10     | Killed a two-headed ogre
 11350 | D:10     | Reached skill level 10 in Axes
 11635 | D:10     | Identified Soniad's Almanac of the Lethal Rocks
 11636 | D:10     | Noticed a centaur warrior
 11637 | D:10     | Noticed a salamander
 11644 | D:10     | Killed a centaur warrior
 11644 | D:10     | Reached XP level 12. HP: 100/100 MP: 14/17
 11647 | D:10     | Noticed a centaur warrior
 11659 | D:10     | Killed a centaur warrior
 11779 | D:10     | Noticed Grum
 11798 | D:10     | Killed Grum
 12080 | D:11     | Noticed a seven-headed hydra
 12091 | D:11     | Killed a two-headed hydra
 12091 | D:11     | Received a gift from Okawaru
 12091 | D:11     | Reached skill level 12 in Fighting
 12202 | D:11     | Noticed Erolcha
 12217 | D:11     | Killed Erolcha
 12217 | D:11     | Reached skill level 10 in Shields
 12302 | D:11     | Found the cursed necklace of Bloodlust {*Rage +Rage MR++
                  | Int-3 Slay+6 *Curse}
 13270 | Lair:1   | Entered Level 1 of the Lair of Beasts
 13348 | Lair:1   | Reached XP level 13. HP: 109/109 MP: 19/19
 13354 | Lair:1   | Received a gift from Okawaru
 14324 | Lair:2   | Found a hole to the Spider Nest.
 14329 | Lair:2   | Received a gift from Okawaru
 14332 | Lair:2   | Got a pair of ichor-stained gloves {god gift}
 14388 | Lair:2   | Reached skill level 13 in Fighting
 14423 | Lair:1   | Identified the +0 pair of gloves "Cywku" {rC- MR+ Str+3
                  | Int+3} (Okawaru gifted it to you on level 2 of the Lair of
                  | Beasts)
 14604 | Lair:2   | Reached skill level 10 in Armour
 15159 | Lair:3   | Found a gate leading to a gauntlet.
 15168 | Gauntlet | Entered a Gauntlet
 15168 | Gauntlet | Found a transporter.
 15168 | Gauntlet | Found a runed translucent door.
 15169 | Gauntlet | Found a runed translucent door.
 15173 | Gauntlet | Found a transporter.
 15175 | Gauntlet | Found a transporter.
 15184 | Gauntlet | Found a transporter.
 15186 | Gauntlet | Found a transporter.
 15196 | Gauntlet | Identified the ring "Quar" {rElec Dex+2 Slay+2 Stlth-}
 15196 | Gauntlet | Noticed an entropy weaver
 15197 | Gauntlet | Found a transporter.
 15212 | Gauntlet | Found a transporter.
 15222 | Gauntlet | Found a transporter.
 15232 | Gauntlet | Found a transporter.
 15248 | Gauntlet | Found a transporter.
 15262 | Gauntlet | Found a transporter.
 15262 | Gauntlet | Found a transporter.
 15311 | Gauntlet | Found a transporter.
 15326 | Gauntlet | Found a transporter.
 15924 | Gauntlet | Noticed a minotaur
 15930 | Gauntlet | Killed a minotaur
 15936 | Gauntlet | Identified the Incunabulum of Flamy Displacement
 16570 | Lair:3   | You fall into a shaft and drop 2 floors!
 16627 | Lair:5   | Found a staircase to the Slime Pits.
 16671 | Lair:5   | Reached XP level 14. HP: 61/116 MP: 17/20
 17062 | Lair:4   | Found a staircase to the Swamp.
 17114 | Lair:4   | Reached skill level 14 in Fighting
 17682 | Lair:4   | Received a gift from Okawaru
 18222 | Swamp:1  | Entered Level 1 of the Swamp
 18351 | Swamp:1  | Reached ****** piety under Okawaru
 19673 | Swamp:2  | Noticed Jorgrun
 19674 | Swamp:2  | Noticed Donald
 19680 | Swamp:2  | Reached XP level 15. HP: 117/124 MP: 21/21
 19697 | Swamp:2  | Killed Donald
 19697 | Swamp:2  | Reached skill level 15 in Fighting
 19698 | Swamp:2  | Killed Jorgrun
 19715 | Swamp:2  | Received a gift from Okawaru
 19889 | Swamp:2  | Noticed Frances
 19916 | Swamp:2  | Killed Frances
 20187 | Swamp:4  | Entered Level 4 of the Swamp
 20780 | Swamp:4  | Received a gift from Okawaru
 21534 | Spider:1 | Entered Level 1 of the Spider Nest
 22155 | Spider:2 | Blown up by an orb spider

Illustrated notes

Levels and vault maps discovered:
D:1:      elethiomel_arrival_shortcut, layout_basic, columned_hall_lemuel,
          minmay_misc_feat_room
D:2:      layout_basic, overflow_temple_1_default, led_sif_pool,
          kennysheep_vampire_church, xom_redecorated
D:3:      layout_basic, portal_sewer_entry_b, uniq_grinder
D:4:      layout_layer_cave, minmay_temple_entry_mini_moons,
          minmay_goblin_outpost
D:5:      minmay_diamond_boxcup, layout_basic, minmay_misc_feat_encased
D:6:      layout_rooms, lemuel_doored_altar, serial_co_window_serial,
          co_window_corner_a, co_window_paths_a, co_window_paths_b,
          co_window_paths_b, co_window_paths_b, co_window_2corner,
          co_window_2corner, co_window_broadway_a, co_window_cross_4,
          co_window_paths_c, glass_columns_a, glass_columns_a, glass_columns_b,
          glass_columns_a, serial_shops, kennysheep_little_box,
          nicolae_shop_behind_doors, shop, shop
D:7:      layout_basic, slow_altar_1, nicolae_tso_besieged_by_evil
D:8:      minmay_chambers_of_fours, layout_basic,
          nicolae_gozag_cash_rules_everything_around_me, serial_shops, shop
D:9:      layout_roguey [special_room_orc], overflow_temple_1_default,
          lightli_temple_of_fire, due_unseen_surprise
D:10:     minmay_the_grid_octo_triangle [minmay_the_grid_octo_tetromino_candy,
          minmay_the_grid_octo_prize_single_spiral,
          minmay_the_grid_octo_checkerflower], layout_long_grid,
          david_lair_generic, uniq_grum
D:11:     cheibrodos_helix_gallery, layout_long_grid,
          kennysheep_cross_bottleneck, uniq_erolcha
Temple:   cyrus_circular_temple
Lair:1:   layout_hall_layers, special_room [special_room_bee],
          beast_lair_carwin_1
Lair:2:   layout_hall_layers, spider_nest_entry_rubble, grunt_megastairs_4
Lair:3:   layout_layer_cave, special_room, gauntlet_entry_generic,
          kennysheep_abandoned_house
Lair:4:   layout_gridlike, minmay_swamp_entry_wisps, enter_volcano_2
Lair:5:   layout_roguey, slime_dummy
Swamp:1:  layout_basic_swamp, infiniplex_staircase_pool, swamp_pool5,
          uniq_roxanne
Swamp:2:  layout_basic_swamp, nicolae_swamp_treefoil, uniq_frances, uniq_donald,
          uniq_jorgrun
Swamp:3:  layout_basic_swamp, evilmike_swamp_ruin_house_5, swamp_pool3
Swamp:4:  swamp_pestilence, layout_basic_swamp
Spider:1: layout_spider_delve, guppyfry_hornet_nest
Spider:2: layout_spider_delve

Skill      XL: |  1  2  3  4  5  6  7  8  9 10 11 12 13 14 15 |
---------------+----------------------------------------------+-----
Shields        | 4 5 6 7 8 9 10 11 12 | 12.9
Fighting       | 4 5 6 7 8 9 11 12 13 14 15 | 15.8
Axes           | 3 4 5 6 7 8 10 11 12 13 14 | 14.5
Armour         | 4 5 6 7 8 9 10 11 12 | 12.0
Invocations    | 2 4 5 7 8 9 |  9.0

Action                   |  1- 3 |  4- 6 |  7- 9 | 10-12 | 13-15 || total
-------------------------+-------+-------+-------+-------+-------++-------
Melee: War axe           |    66 |   131 |   416 |   525 |       ||  1138
       Battleaxe         |       |       |       |    73 |   466 ||   539
       Executioner's axe |       |       |       |       |   144 ||   144
Invok: Heroism           |       |       |     3 |    11 |    14 ||    28
       Finesse           |       |       |       |       |     3 ||     3
 Abil: Dig               |       |       |       |       |     1 ||     1
Evoke: Wand              |       |       |       |       |     5 ||     5
  Use: Potion            |       |       |     3 |       |     5 ||     8
       Scroll            |       |       |       |    25 |    13 ||    38
 Stab: Held in net/web   |       |       |       |       |     1 ||     1
Armor: Scale mail        |    31 |    61 |       |       |       ||    92
       Plate armour      |       |    16 |   265 |   247 |   306 ||   834
Dodge: Dodged            |    23 |    60 |   104 |   197 |   233 ||   617
Block: Kite shield       |    36 |    86 |   300 |   226 |       ||   648
       Tower shield      |       |       |       |   162 |   671 ||   833

Table legend: (Time is in decaauts)
 A = Elapsed time spent in this place.
 B = Non-inter-level travel time spent in this place.
 C = Inter-level travel time spent in this place.
 D = Time resting spent in this place.
 E = Time spent auto-exploring this place.
 F = Levels seen in this place.
 G = Mean time per level.
                   A        B        C        D        E       F      G
               +--------+--------+--------+--------+--------+-----+--------+
         Total |  22506 |  21480 |   1026 |   3035 |  14511 |  25 |  900.2 |
       Dungeon |  12374 |  11670 |    704 |   1232 |   8148 |  11 | 1124.9 |
        Temple |     66 |     46 |     20 |      0 |     44 |   1 |   66.0 |
          Lair |   5169 |   4987 |    182 |    937 |   3461 |   5 | 1033.8 |
         Swamp |   2948 |   2828 |    120 |    479 |   1815 |   4 |  737.0 |
   Spider Nest |    145 |    145 |      0 |      0 |     38 |   2 |   72.5 |
         Sewer |   1035 |   1035 |      0 |      0 |    792 |   1 | 1035.0 |
      Gauntlet |    766 |    766 |      0 |    387 |    212 |   1 |  766.0 |
               +--------+--------+--------+--------+--------+-----+--------+

Top non-repeatable levels by time:
     D:9: 1649 daAuts
  Lair:4: 1602 daAuts
    D:10: 1563 daAuts
     D:8: 1499 daAuts
     D:6: 1385 daAuts
 Swamp:4: 1344 daAuts
  Lair:2: 1338 daAuts
     D:5: 1277 daAuts
    D:11: 1224 daAuts
     D:4: 1140 daAuts
  Lair:3: 1099 daAuts
     D:7: 1097 daAuts
   Sewer: 1035 daAuts
  Lair:1: 1025 daAuts
 Swamp:2: 963 daAuts
